 Dungeon Crawl Stone Soup version 0.18-a0-1179-g120c792 (webtiles) character file.

60 Reinor the Scratcher (level 3, 0/15 HPs)
             Began as a Felid Transmuter on Jan 27, 2016.
             Slain by a hobgoblin
             ... wielding a +0 club
              (3 damage)
             ... on level 2 of the Dungeon.
             The game lasted 00:04:32 (1877 turns).

Reinor the Scratcher (Felid Transmuter)             Turns: 1877, Time: 00:04:32

Health: 0/15       AC:  1    Str:  6    XL:     3   Next: 82%
Magic:  4/7        EV: 18    Int: 15    God:
Gold:   119        SH:  0    Dex: 16    Spells: 3 memorised, 0 levels left
                                        Lives:  0   Deaths: 0

rFire  . . .     SeeInvis +       - Unarmed
rCold  . . .     Gourm    .     (armour unavailable)
rNeg   . . .     Faith    .     (shield unavailable)
rPois  .         Spirit   .     (helmet unavailable)
rElec  .         Dismiss  .     (cloak unavailable)
rCorr  .         Reflect  .     (gloves unavailable)
SustAt .         Harm     .     (boots unavailable)
MR     .....                    (no amulet)
Stlth  ++........               (no ring)
                                (no ring)

@: appendage, quick, not resistant to hostile enchantments, unstealthy
A: no armour, no weapons or thrown items, claws 1, fangs 3, horns 2, see
invisible, carnivore 3, speed 1, shaggy fur 1, slow metabolism 1, sharp paws
a: End Transformation


You were on level 2 of the Dungeon.
You were completely stuffed.
You had grown temporary horns.
You visited 1 branch of the dungeon, and saw 2 of its levels.

You collected 119 gold pieces.

Inventory:

Missiles
 a - 15 arrows
Potions
 e - a potion of ambrosia
 f - a potion of might
 h - a potion of brilliance {unknown}
Books
 b - a book of Changes

   Spells                             Type                      Level
   a - Beastly Appendage              Transmutation                1
   b - Sticks to Snakes               Transmutation                2
   c - Spider Form                    Transmutation/Poison         3
   d - Ice Form                       Ice/Transmutation            4
   e - Blade Hands                    Transmutation                5
Comestibles
 c - a meat ration
 d - 6 chunks of flesh
 g - a beef jerky


   Skills:
 - Level 1.0 Fighting
 - Level 2.6 Dodging
 + Level 4.8 Unarmed Combat
 - Level 2.0 Spellcasting
 - Level 2.1 Transmutations


You couldn't memorise any spells.
You knew the following spells:

 Your Spells              Type           Power        Failure   Level  Hunger
a - Beastly Appendage     Trmt           #.....       12%         1    #......
b - Sticks to Snakes      Trmt           #.......     14%         2    ###....
c - Spider Form           Trmt/Pois      #.........   43%         3    ###....


Dungeon Overview and Level Annotations

Branches:
Dungeon (2/15)

Altars:


Innate Abilities, Weirdness & Mutations

You cannot wear armour.
You are incapable of wielding weapons or throwing items.
You have sharp claws.
You have razor-sharp teeth.
You have supernaturally acute eyesight.
You are carnivorous and can eat meat at any time.
You cover ground quickly.
You are covered in fur (AC +1).
You have a slow metabolism.
Your sharp claws are effective at attacking unaware monsters.
You have a pair of horns on your head.


Message History

The jackal closely misses your ball python.
Your ball python misses the jackal.
Your ball python barely misses the jackal.
The jackal bites your ball python.
You feel a bit more experienced.
Your horns disappear.
You start resting.
Your magical contamination has completely faded away.
You start resting.
Your ball python withers and dies!
A hobgoblin is nearby!
A hobgoblin is nearby!
Casting: Sticks to Snakes
Confirm with . or Enter, or press ? or * to list all spells.
You grow a pair of large bovine horns.
You scratch the hobgoblin but do no damage.
You headbutt the hobgoblin.
The hobgoblin is heavily wounded.
The hobgoblin hits you with a club.
You die...

........# #..#
#..........
........######.###
#..........
........##.......#
#####'####.......#
.........#.......#
.........#.......#
.........######..#
.# <........# ##g#
.# #####'#######
#@##.#
#..........#
#..#.##...........
##....รท.....#
##.#.##...........
#...........#
#.#.##..........
#...........#
#..............
#...........#
##.###........
#...........# #..#
.......
#.#.#########
##.##.# #..#+#
........... #..#.#
#..#.#


You could see a hobgoblin.

Vanquished Creatures
  An adder (D:2)
  An ooze (D:1)
  2 giant geckos
  7 bats
  2 giant cockroaches (D:1)
  4 goblins
  7 hobgoblins
  4 jackals (D:1)
  4 kobolds
  3 giant newts (D:1)
  3 rats (D:2)
38 creatures vanquished.

Vanquished Creatures (collateral kills)
  A worm (D:2)
  A goblin (D:1)
  A jackal (D:2)
  A ball python (D:1)
  A bat (D:2)
5 creatures vanquished.

Grand Total: 43 creatures vanquished

Notes
Turn   | Place    | Note
--------------------------------------------------------------
     0 | D:1      | Reinor the Felid Transmuter began the quest for the Orb.
     0 | D:1      | Reached XP level 1. HP: 9/9 MP: 4/4
   171 | D:1      | Reached XP level 2. HP: 12/12 MP: 6/6
   175 | D:1      | Learned a level 2 spell: Sticks to Snakes
   639 | D:1      | Reached skill level 4 in Unarmed Combat
   912 | D:1      | Reached XP level 3. HP: 7/15 MP: 7/7
  1079 | D:1      | Learned a level 3 spell: Spider Form
  1877 | D:2      | Slain by a hobgoblin

Vault maps used:
D:1:      dpeg_arrival_water_fire, serial_bayou_pond_d, minmay_strange_pillars
D:2:      kennysheep_goblin_castle, st_stairs_12

Action                   || total
-------------------------++-------
Melee: Unarmed           ||   120
 Cast: Beastly Appendage ||    12
       Sticks to Snakes  ||     9
  Use: Scroll            ||     3
 Stab: Sleeping          ||     3
  Eat: Chunk             ||    10
